 Dungeon Crawl Stone Soup version 0.30-a0-782-ge64f9170bb (webtiles) character file.

Game seed: 5421557037887100052

1224 tognito the Cleaver (level 8, 0/69 (71) HPs)
             Began as a Minotaur Berserker on Feb 25, 2023.
             Was a Believer of Trog.
             Slain by a wight
             ... wielding a +0 war axe
              (7 damage)
             ... on level 6 of the Dungeon.
             The game lasted 00:08:42 (5218 turns).

tognito the Cleaver (Minotaur Berserker)            Turns: 5218, Time: 00:08:43

HP:   0/69 (71)     AC: 13    Str: 23    XL:     8   Next: 23%
MP:   7/7           EV:  9    Int:  4    God:    Trog [**....]
Gold: 300           SH:  0    Dex: 11    Spells: 7/7 levels left

rFire   . . .      SeeInvis .    a - +0 hand axe
rCold   . . .      Faith    .    (no shield)
rNeg    . . .      Spirit   .    t - +0 chain mail
rPois   .          Reflect  .    (helmet restricted)
rElec   .          Harm     .    j - +0 cloak
rCorr   .          Rampage  .    h - +0 pair of gloves
Will    .....                    d - +0 pair of boots Stlth
                                 (no amulet)
HPRegen 0.31/turn                (no ring)
MPRegen 0.10/turn                (no ring)

@: on berserk cooldown, slowed, lightly drained, very slow
A: horns 2, retaliatory headbutt
a: Renounce Religion, Berserk, Trog's Hand


You were on level 6 of the Dungeon.
You worshipped Trog.
Trog was pleased with you.
You visited 1 branch of the dungeon, and saw 6 of its levels.

You collected 300 gold pieces.

Inventory:

Hand Weapons
 a - a +0 hand axe (weapon)
Missiles
 b - a stone (quivered)
 i - 2 boomerangs
 q - 2 poisoned darts
Armour
 d - a +0 pair of boots (worn)
 h - a +0 pair of gloves (worn)
 j - a +0 cloak (worn)
 t - a +0 chain mail (worn)
Jewellery
 l - a +6 ring of intelligence
Scrolls
 f - 2 scrolls of identify
 k - a scroll of blinking
 n - a scroll of teleportation
 o - 2 scrolls of magic mapping
 p - 2 scrolls of enchant armour
Potions
 c - a potion of resistance
 e - a potion of curing
 g - 6 potions of heal wounds
 m - a potion of magic


   Skills:
 + Level 6.4 Fighting
 * Level 8.3 Axes
 + Level 5.7 Armour
 + Level 5.2 Dodging


You had 7 spell levels left.
You didn't know any spells.
Your spell library was empty.

Dungeon Overview and Level Annotations

Branches:
Dungeon (6/15)             Temple (0/1) D:5

Altars:
Dithmenos
Gozag
Kikubaaqudgha
Qazlal
Ru
Sif Muna
Uskayaw
Yredelemnul

Shops:
D:1 (   D:5 :*


Innate Abilities, Weirdness & Mutations

You have a pair of horns on your head.
You reflexively headbutt those who attack you in melee.


Message History

The wight burns you.
* * * LOW HITPOINT WARNING * * *
You see here a hound corpse.
You slash the wight! You headbutt the wight.
The wight is almost destroyed.
You hit the wight. You slash the wight!
You destroy the wight!
Trog accepts your kill.
You hit the wight.
The wight hits you with a +0 great sword.
* * * LOW HITPOINT WARNING * * *
You completely miss the wight.
The wight is severely damaged.
You slash the wight!
You destroy the wight!
Trog accepts your kill.
You feel a strong urge to attack something.
You feel your anger nearly subside.
You are no longer berserk.
You are exhausted.
You feel yourself slow down.
A wight comes into view. It is wielding a +0 war axe.
You slash the wight! Your headbutt misses the wight.
The wight is heavily damaged.
The wight hits you but does no damage.
You hit the wight but do no damage.
The wight is heavily damaged.
The wight hits you with a +0 war axe!
* * * LOW HITPOINT WARNING * * *
You feel drained.
* * * LOW HITPOINT WARNING * * *
You hit the wight but do no damage.
The wight is heavily damaged.
The wight misses you. You furiously retaliate!
You headbutt the wight. The wight hits you with a +0 war axe.
* * * LOW HITPOINT WARNING * * *
You hit the wight.
The wight is almost destroyed.
The wight hits you with a +0 war axe!
You die...

###########.# #.#
#.# #.# ## #.# ##.##
#.# ##.#.#####.##
##.#....)z...##
#.......#@....#
#.##.##.#....#####.
.. #)##.#..).......
#......##z###†######
#.#..####.# #)# #..
#.# #'# #. ..# ...
.. ### ... .# .....


You could see a wight.

Vanquished Creatures
  A human (D:5)
  2 black bears (D:5)
  A sky beast (D:5)
  A centaur (D:6)
  A phantom (D:5)
  A necrophage (D:6)
  3 wights (D:6)
  A howler monkey (D:5)
  A jelly (D:3)
  2 orc priests (D:6)
  A gnoll bouda (D:4)
  2 hounds
  An orc wizard (D:4)
  3 gnolls (D:4)
  7 adders
  An ufetubus (D:5)
  A dart slug (D:1)
  8 orcs
  3 ball pythons
  6 endoplasms
  4 giant cockroaches
  4 goblins
  8 hobgoblins
  4 jackals
  5 quokkas
  3 bats (D:2)
  3 frilled lizards
  A goblin zombie (D:5)
  6 kobolds
  4 rats
  A bush (D:1)
90 creatures vanquished.

Vanquished Creatures (others)
  An orc wizard (D:6)
  A plant (D:1)
2 creatures vanquished.

Grand Total: 92 creatures vanquished

Notes
Turn   | Place    | Note
-------+----------+-------------------------------------------
     0 | D:1      | tognito the Minotaur Berserker began the quest for the Orb.
     0 | D:1      | Reached XP level 1. HP: 19/19 MP: 0/0
   319 | D:1      | Reached XP level 2. HP: 26/27 MP: 1/1
   325 | D:1      | Reached skill level 4 in Axes
   899 | D:1      | Found Zusaxor's Antique Weapon Boutique.
  1034 | D:1      | Reached ** piety under Trog
  1035 | D:1      | Reached XP level 3. HP: 33/33 MP: 2/2
  1634 | D:2      | Found an opulent altar of Gozag.
  2600 | D:3      | Reached XP level 4. HP: 40/40 MP: 3/3
  2855 | D:3      | Reached skill level 5 in Axes
  2954 | D:3      | Found a stormy altar of Qazlal.
  3288 | D:4      | Reached XP level 5. HP: 31/47 MP: 4/4
  3788 | D:5      | Entered Level 5 of the Dungeon
  3788 | D:5      | Found Loxyu's Assorted Antiques.
  3845 | D:5      | Reached XP level 6. HP: 50/55 MP: 5/5
  3875 | D:5      | Reached skill level 6 in Axes
  3875 | D:5      | Found a runed translucent door.
  3882 | D:5      | Noticed a human
  3891 | D:5      | Found a basalt altar of Yredelemnul.
  3939 | D:5      | Killed a human
  3940 | D:5      | Reached skill level 5 in Fighting
  4017 | D:5      | Reached XP level 7. HP: 61/61 MP: 6/6
  4131 | D:5      | Reached skill level 7 in Axes
  4300 | D:5      | Found a shadowy altar of Dithmenos.
  4302 | D:5      | Found an opulent altar of Gozag.
  4362 | D:5      | Found a sacrificial altar of Ru.
  4365 | D:5      | Found a shimmering blue altar of Sif Muna.
  4367 | D:5      | Found an ancient bone altar of Kikubaaqudgha.
  4372 | D:5      | Found a hide-covered altar of Uskayaw.
  4383 | D:5      | Reached skill level 5 in Armour
  4580 | D:5      | Found a staircase to the Ecumenical Temple.
  4676 | D:5      | Found Redengonau's Tremendous Tomes.
  4905 | D:6      | Identified the +4 whip of Nagu Ness {flame, rF++}
  5130 | D:6      | Reached skill level 8 in Axes
  5130 | D:6      | Reached skill level 5 in Dodging
  5130 | D:6      | Reached XP level 8. HP: 27/70 MP: 7/7
  5218 | D:6      | Slain by a wight

Illustrated notes

Levels and vault maps discovered:
D:1:      minmay_arrival_diagonal_passages, layout_loops_corners, serial_forest,
          infiniplex_forest_clump_large, infiniplex_forest_corner_2,
          infiniplex_forest_end_1, infiniplex_forest_corner_1,
          infiniplex_forest_pool, infiniplex_forest_straight_3,
          infiniplex_forest_clump_double, infiniplex_forest_end_2, serial_shops,
          shop
D:2:      layout_loops_ring, basic_altar
D:3:      layout_loops_corners, marbit_many_paths, grunt_ministairs_11,
          minmay_misc_feat_rugged, nicolae_figureground_sparkle
D:4:      layout_basic
D:5:      layout_basic, dk_yredelemnul_ordeal,
          nicolae_overflow_hallway_of_the_gods, minmay_temple_entry_fiery,
          serial_shops, nicolae_shop_trees, chequers_garden,
          nicolae_shop_i_like_big_books, nicolae_concentric_dashed_squares_wild,
          minmay_misc_feat_x
D:6:      layout_loops_corners, serial_shops, nicolae_stop_n_shop_1

Skill      XL: |  1  2  3  4  5  6  7 |
---------------+----------------------+-----
Axes           | 4 5 6 8 |  8.3
Fighting       | 4 5 6 |  6.4
Armour         | 3 4 5 |  5.7
Dodging        | 3 4 5 |  5.2

Action                     |  1- 3 |  4- 6 |  7- 9 || total
---------------------------+-------+-------+-------++-------
  Melee: Hand axe          |   172 |    79 |    90 ||   341
         Headbutt          |    40 |    17 |    16 ||    73
         Punch             |       |     1 |       ||     1
  Throw: Stone             |       |    22 |    10 ||    32
 Invoke: Berserk           |       |     2 |     2 ||     4
    Use: Potion            |     4 |     4 |       ||     8
         Scroll            |     5 |     5 |       ||    10
 Armour: Animal skin       |     4 |       |       ||     4
         Ring mail         |    25 |    29 |       ||    54
         Chain mail        |       |    26 |    70 ||    96
  Dodge: Dodged            |    67 |    57 |    33 ||   157

Table legend: (Time is in decaauts)
 A = Elapsed time spent in this place.
 B = Non-inter-level travel time spent in this place.
 C = Inter-level travel time spent in this place.
 D = Time resting spent in this place.
 E = Time spent auto-exploring this place.
 F = Levels seen in this place.
 G = Mean time per level.
                   A        B        C        D        E       F      G
               +--------+--------+--------+--------+--------+-----+--------+
         Total |   5274 |   5070 |    204 |      0 |   4208 |   6 |  879.0 |
       Dungeon |   5274 |   5070 |    204 |      0 |   4208 |   6 |  879.0 |
               +--------+--------+--------+--------+--------+-----+--------+

Top non-repeatable levels by time:
     D:1: 1466 daAuts
     D:5: 1112 daAuts
     D:3: 1039 daAuts
     D:4: 722 daAuts
     D:2: 594 daAuts
     D:6: 339 daAuts
